Map: 16-Bit LE

Players

MaSa - Winner!

  • Race: Terran Terran
  • Spawn Location: 7:00

HellraiseR

  • Race: Protoss Protoss
  • Spawn Location: 1:00

Event: WCS Valencia 2018

VOD

Have the link to the VOD?

Description

Time

  • Played on: July 12, 2018, 7 a.m.
  • Length: 14:10

All games in this series

Show
View Real Time Build Order
Export as new Build Order

MaSa Terran - Winner!

Build Orders: MMM Bio, Banshee Rush 

Get SALT Encoding   

  12  0:00  SCV  
  13  0:12  SCV  
  14  0:17  Supply Depot  
  14  0:25  SCV  
  15  0:28  Refinery  
  15  0:39  SCV  
  16  0:45  Barracks  
  16  0:51  SCV  
  17  1:03  SCV  
  18  1:15  SCV  
  19  1:33  Orbital Command, Reaper  
  20  2:00  SCV  
  21  2:06  Barracks Reactor  
  21  2:08  Command Center  
  21  2:11  Factory  
  21  2:12  SCV  
  22  2:16  Supply Depot  
  22  2:20  Refinery  
  22  2:24  SCV  
  23  2:37  SCV  
  23  2:42  Marine x2  
  26  2:50  SCV  
  27  2:55  Widow Mine  
  27  2:56  Starport  
  29  3:01  Marine x2  
  31  3:13  SCV  
  31  3:16  Factory Tech Lab  
  31  3:20  Marine x2  
  31  3:23  Orbital Command  
  31  3:25  SCV  
  34  3:37  SCV  
  34  3:38  Marine x2  
  34  3:40  Cloaking Field, Factory Tech Lab  
  37  3:41  Banshee  
  37  3:47  Supply Depot  
  40  3:49  SCV x2  
  42  3:55  Marine x2  
  44  4:04  Supply Depot  
  44  4:05  SCV  
  44  4:07  SCV  
  44  4:09  Siege Tank  
  49  4:13  Marine x2  
  51  4:17  SCV  
  51  4:18  Engineering Bay  
  52  4:25  SCV, Banshee  
  52  4:29  Supply Depot  
  52  4:30  SCV  
  57  4:33  Marine  
  57  4:36  Marine  
  57  4:37  SCV  
  60  4:40  Refinery  
  60  4:50  Siege Tank, SCV  
  60  4:51  Missile Turret  
  60  4:52  Marine  
  65  4:53  SCV, Marine  
  67  5:02  SCV  
  64  5:08  SCV  
  64  5:10  Barracks  
  59  5:14  SCV  
  59  5:17  Barracks  
  59  5:20  SCV  
  59  5:21  Banshee  
  59  5:26  SCV  
  59  5:27  Marine x2  
  58  5:33  SCV  
  58  5:38  Terran Infantry Weapons Level 1, SCV  
  59  5:44  Siege Tank  
  59  5:45  SCV  
  63  5:50  SCV  
  64  5:57  SCV  
  64  6:03  SCV  
  64  6:04  Viking  
  68  6:08  Command Center  
  68  6:09  SCV  
  69  6:14  Refinery, Supply Depot  
  69  6:15  Missile Turret, SCV  
  70  6:20  Barracks Tech Lab  
  70  6:25  Factory Reactor  
  70  6:27  Stimpack  
  70  6:35  Marine  
  70  6:36  SCV x2  
  73  6:40  Supply Depot, Marine x2  
  73  6:42  Starport Reactor  
  75  6:48  SCV  
  75  6:50  Combat Shield, Marine  
  75  6:53  SCV, Barracks  
  78  6:54  Barracks  
  78  7:02  Supply Depot, SCV, Marine  
  78  7:03  Supply Depot  
  78  7:04  Supply Depot  
  78  7:05  SCV, Marine x2  
  78  7:07  Supply Depot, Bunker  
  83  7:09  Widow Mine  
  83  7:13  Marine  
  86  7:19  SCV  
  86  7:20  Widow Mine  
  86  7:21  Marine  
  90  7:25  Supply Depot  
  90  7:26  Supply Depot, SCV  
  90  7:29  Marine x2  
  93  7:31  Refinery, SCV  
  93  7:32  Widow Mine  
  93  7:33  Terran Infantry Armor Level 1  
  96  7:37  Marauder  
  96  7:41  Widow Mine  
  96  7:42  Orbital Command  
  100  7:44  Barracks Reactor  
  100  7:45  Concussive Shells  
  100  7:47  Medivac  
  100  7:49  Medivac  
  104  7:52  SCV  
  104  7:53  SCV  
  104  7:57  Refinery  
  106  7:59  Armory  
  106  8:00  Marine  
  106  8:02  Marine  
  106  8:03  Marine  
  106  8:04  SCV  
  106  8:05  SCV  
  111  8:06  Marine  
  112  8:20  SCV  
  112  8:24  Marine x2  
  112  8:26  Marauder, Marine x2  
  120  8:27  Marauder x2, SCV  
  120  8:33  SCV x2  
  120  8:36  Engineering Bay  
  120  8:39  Widow Mine x2  
  120  8:40  SCV  
  125  8:45  SCV x2  
  125  8:46  Starport  
  125  8:48  Marauder  
  126  8:52  SCV  
  127  8:56  Terran Ship Weapons Level 1  
  127  8:59  SCV x2  
  127  9:02  Marine x2  
  131  9:03  Marauder x2  
  131  9:05  SCV  
  131  9:06  Terran Infantry Weapons Level 2  
  131  9:09  Marine  
  136  9:10  Supply Depot  
  136  9:11  SCV  
  136  9:12  Supply Depot  
  136  9:13  Supply Depot  
  136  9:14  SCV  
  139  9:18  Marauder, SCV, Marine  
  139  9:20  Marine  
  139  9:23  Supply Depot  
  144  9:27  SCV  
  144  9:28  Marine  
  144  9:30  Fusion Core, Starport Tech Lab  
  146  9:31  SCV  
  146  9:34  Marine x2  
  146  9:35  Marauder  
  151  9:38  Liberator  
  151  9:42  Liberator  
  151  9:44  Terran Infantry Armor Level 2, SCV  
  152  9:45  Liberator  
  152  9:46  SCV, Marine x2  
  152  9:47  Marauder  
  157  9:53  SCV, Marine x2  
  157  9:54  Marauder  
  167  10:09  Marine  
  167  10:10  Marauder  
  154  10:14  Marine  
  154  10:15  Marauder  
  139  10:25  Marauder, Marine x2  
  134  10:28  Liberator  
  134  10:31  Marauder  
  136  10:38  Marauder, Marine, Medivac  
  136  10:40  Command Center  
  136  10:42  Medivac  
  143  10:44  Marine x3  
  143  10:46  Marauder  
  143  10:48  Supply Depot  
  151  10:51  Liberator  
  151  10:54  Marauder  
  151  10:56  Marine  
  141  10:59  Marine  
  141  11:02  Marine x2  
  141  11:03  Marine  
  144  11:07  Marauder  
  146  11:12  Medivac  
  146  11:14  Marine  
  146  11:16  Marauder  
  146  11:18  Marauder  
  151  11:20  Marine x3  
  151  11:22  SCV  
  145  11:28  Medivac  
  145  11:29  Marauder  
  145  11:32  Marine  
  135  11:37  Marauder, Marine  
  135  11:38  Marine x2  
  135  11:39  Marauder  
  120  11:40  SCV  
  120  11:42  Viking  
  114  11:49  Marine  
  114  11:50  Marauder  
  114  11:51  Medivac  
  119  11:55  Marine  
  119  11:56  Marine x2  
  119  11:58  Viking  
  119  11:59  Advanced Ballistics  
  108  12:09  Orbital Command  
  108  12:10  Marine x2  
  108  12:11  Marauder  
  108  12:12  Viking  
  108  12:14  SCV x2  
  108  12:15  Marine  
  93  12:19  Marine  
  85  12:24  Marauder  
  85  12:28  SCV  
  81  12:30  Marine  
  81  12:32  SCV  
  81  12:36  SCV  
  87  12:46  Marauder  
  91  12:52  Marauder  
  91  12:54  Medivac x2  
  91  12:55  SCV x3  
  91  12:58  Orbital Command  
  94  13:07  SCV x3  
  97  13:19  SCV  
  93  13:20  SCV  
  86  13:27  Marauder, SCV, Marine x2  
  86  13:28  SCV  
  86  13:31  SCV  
  86  13:32  SCV  
  96  13:39  SCV  
  96  13:40  SCV  
  99  13:43  Marauder, SCV  
  99  13:44  SCV  
  103  13:52  SCV x2  
  109  13:55  SCV  
Show
View Real Time Build Order
Export as new Build Order

HellraiseR Protoss 

Build Orders: 1 Gate Expand 

Get SALT Encoding   

  12  0:00  Probe  
  13  0:12  Probe  
  14  0:18  Pylon  
  14  0:24  Probe  
  15  0:32  Probe  
  15  0:40  Probe, Gateway  
  16  0:49  Assimilator  
  17  0:51  Probe  
  18  1:03  Probe  
  19  1:23  Nexus  
  19  1:26  Probe  
  20  1:35  Cybernetics Core  
  20  1:39  Probe  
  21  1:43  Assimilator  
  21  1:51  Probe  
  22  1:55  Pylon  
  22  1:56  Warp Gate  
  22  2:03  Probe  
  22  2:04  Adept  
  22  2:12  Probe  
  24  2:20  Probe  
  25  2:24  Shield Battery  
  26  2:30  Probe  
  26  2:31  Stalker  
  29  2:37  Probe  
  29  2:43  Probe  
  31  2:49  Probe  
  32  2:54  Robotics Facility  
  33  3:01  Stalker  
  33  3:03  Probe  
  36  3:14  Gateway  
  36  3:18  Gateway  
  35  3:21  Probe  
  35  3:23  Probe  
  37  3:31  Stalker  
  37  3:33  Probe  
  40  3:35  Observer  
  40  3:36  Probe  
  40  3:38  Pylon  
  41  3:45  Probe  
  41  3:48  Probe  
  44  3:53  Warp Prism  
  44  3:58  Probe  
  48  4:06  Pylon  
  48  4:09  Stalker x2  
  51  4:10  Probe  
  51  4:13  Probe  
  53  4:22  Probe, Pylon  
  54  4:25  Probe, Stalker  
  54  4:30  Observer  
  58  4:35  Probe  
  58  4:36  Pylon  
  58  4:37  Probe  
  60  4:47  Probe  
  60  4:49  Probe  
  62  4:54  Stalker x3  
  62  4:59  Probe  
  68  5:01  Probe  
  67  5:11  Probe  
  67  5:13  Probe  
  70  5:14  Observer  
  66  5:23  Probe  
  66  5:25  Probe, Stalker x3  
  63  5:35  Probe  
  59  5:38  Probe  
  59  5:47  Probe  
  59  5:49  Robotics Bay  
  60  5:50  Assimilator, Probe  
  60  5:53  Assimilator  
  61  5:59  Probe  
  61  6:02  Probe  
  63  6:07  Stalker  
  63  6:09  Stalker  
  67  6:11  Probe  
  67  6:14  Probe  
  67  6:15  Nexus  
  69  6:23  Probe  
  70  6:27  Colossus, Gateway  
  70  6:29  Forge  
  70  6:30  Forge  
  69  6:37  Pylon  
  69  6:38  Probe  
  76  6:41  Probe  
  76  6:44  Protoss Ground Weapons Level 1, Protoss Ground Armor Level 1  
  77  6:47  Extended Thermal Lance  
  77  6:50  Probe  
  78  6:55  Probe  
  78  6:57  Pylon  
  78  6:58  Pylon  
  79  7:02  Probe  
  79  7:04  Photon Cannon  
  80  7:13  Colossus  
  80  7:15  Photon Cannon  
  80  7:20  Gateway  
  80  7:21  Gateway  
  86  7:39  Twilight Council  
  86  7:40  Zealot x3  
  92  7:44  Sentry  
  92  7:46  Probe  
  92  7:48  Photon Cannon  
  92  7:49  Probe x2  
  97  7:57  Pylon  
  97  7:58  Probe  
  97  8:01  Probe  
  97  8:03  Stalker  
  97  8:04  Charge, Stalker  
  103  8:07  Zealot x2  
  106  8:15  Colossus  
  106  8:18  Probe  
  106  8:19  Probe x2  
  107  8:27  Zealot x3  
  107  8:30  Probe  
  107  8:31  Probe  
  115  8:37  Pylon x2  
  115  8:46  Probe  
  115  8:51  Pylon  
  115  8:52  Pylon  
  115  8:55  Zealot x6  
  124  9:08  Colossus  
  128  9:15  Stalker x2  
  128  9:16  Stalker x2  
  131  9:28  Stalker x2  
  132  9:46  Zealot x4  
  132  9:49  Pylon  
  132  9:52  Pylon  
  138  10:06  Colossus  
  127  10:15  Zealot x6  
  127  10:16  Probe x3  
  122  10:28  Probe x2  
  117  10:33  Assimilator  
  117  10:34  Assimilator  
  118  10:37  Sentry x2, Pylon  
  118  10:38  Stalker x2, Sentry  
  118  10:39  Sentry  
  130  10:46  Probe x2  
  132  10:50  Probe  
  127  10:58  Probe  
  127  10:59  Probe  
  127  11:00  Zealot x2  
  127  11:02  Probe  
  134  11:10  Stalker x3  
  134  11:11  Probe x2, Stalker  
  123  11:33  Stalker x4  
  121  11:40  Probe  
  121  11:43  Probe  
  119  11:47  Sentry x2  
  123  11:57  Sentry x3  
  123  11:58  Zealot  
  131  12:07  Blink  
  113  12:10  Probe  
  113  12:13  Probe  
  113  12:14  Colossus  
  113  12:15  Probe  
  96  12:19  Zealot x3  
  96  12:20  Zealot x2  
  75  12:34  Zealot  
  75  12:40  Stalker, Sentry x2  
  81  12:47  Zealot x2  
  85  12:54  Zealot  
  87  12:58  Colossus  
  87  13:03  Zealot  
  87  13:04  Stalker, Sentry  
  90  13:25  Stalker  
  90  13:26  Probe, Stalker x3  
  81  13:36  Stalker x2  
  81  13:39  Probe  
  78  13:50  Zealot  
  78  13:51  Sentry  
  73  14:05  Stalker  
  73  14:06  Stalker  
Tags
 
Add a new tag
Caveats
  • Supply blocks, unpowered buildings, or Contaminate may cause inaccurate times.
  • Supply counts are checked every 10 seconds.